cohdb
Replays
Latest Replays
All Replays
Popular Replays
Top Player Replays
Match Explorer
How It Works
Community
CoH3 Stats
Reddit
Sign in to upload your games and track your stats! →
Sign in with Steam
Match 45236259
Unlisted
Match 45236259
Overview
Messages
Build Orders
End
Kettenkrad Recon Vehicle
Selects Luftwaffe Battlegroup
Selects Luftwaffe Pioneer Support
Fallschirmpioneer Squad Paradrop
Fallschirmpioneer Squad Paradrop
Construct Infanterie Kompanie
Fallschirmpioneer Squad Paradrop
Construct Luftwaffe Kompanie
Selects Reconnaissance Run
Selects Fallschirmjäger Squad Paradrop
221 Scout Car
Jäger Squad
Fallschirmjäger Squad Paradrop
Support Elements
Reconnaissance Run
Wirbelwind Flakpanzer
Fallschirmjäger Squad Paradrop
Zce
Koehnisch
Enrich
BigBiznus
Arkshan
S1L
syvorov-ss
Clion3x
0
0
Comments
sign in to comment!
No comments posted yet!